 Dungeon Crawl Stone Soup version 0.31.0-9-g3a7656b989 (webtiles) character file.

Game seed: 2821267777297786236

3191161 ExZ the Slayer (level 27, 232/232 HPs)
             Began as a Demonspawn Shapeshifter on Jan 23, 2024.
             Was a High Priest of Qazlal.
             Escaped with the Orb
             ... and 5 runes on Jan 26, 2024!
             The game lasted 03:51:06 (70448 turns).

ExZ the Slayer (Demonspawn Shapeshifter)           Turns: 70448, Time: 03:51:07

Health: 232/232    AC: 32    Str: 21    XL:     27
Magic:  38/38      EV: 31    Int: 22    God:    Qazlal [*****.]
Gold:   7607       SH: 35    Dex: 32    Spells: 41/46 levels left

rFire   + +          +
                       - Unarmed
rCold   + + .        P - +5 kite shield {rPois}
rNeg    + + +        L - melded +7 chain mail of Living Music {Regen+ rCorr}
rPois   ∞            (helmet unavailable)
rElec   +            u - scarf of Integrity {rC+ rF+, Str-3 Int+4 Dex+2 SInv}
rCorr   +            (gloves currently unavailable)
SInv    +            N - melded +2 pair of boots of Noffoju {Int+3}
Will    ++++.        G - amulet "Ycalyup" {Reflect Dex+5 SH+5}
Stlth   +            O - ring of the Shining One's Whim {rElec rN+ Will++ MP+9 Dex+6}
HPRegen 0.58/turn    I - ring "Weiheweva" {rF+++ rC- rN+ Int+3 Dex+6}
MPRegen 0.26/turn

%: repel missiles, reflection
@: statue-form, resistant, magic-sapped, hasted, studying Necromancy
A: slow and powerful, torment resistance 1, boosted hp, antennae 3, rugged brown
scales 3, foul stench 3, powered by pain 3, augmentation 3, hooves 2, cold
resistance 1, frail 3, low MP 2, mutation resistance 1, screaming 1
0: Orb of Zot
}: 5/15 runes: barnacled, slimy, silver, abyssal, gossamer
a: Begin Untransformation, Renounce Religion, Upheaval, Elemental Force,
Disaster Area


You escaped.
You worshipped Qazlal.
Qazlal was extremely pleased with you.
You were a living statue of rough stone.
You visited 13 branches of the dungeon, and saw 57 of its levels.
You visited the Abyss 2 times.
You also visited: Sewer and Gauntlet.

You collected 9173 gold pieces.
You spent 1566 gold pieces at shops.

Inventory:

Armour
 h - the +0 hat "Wiesol" {Int-2 Dex+5}
   (You found it on level 3 of the Dungeon)

   Int-2:     It affects your intelligence (-2).
   Dex+5:     It affects your dexterity (+5).
 u - the scarf of Integrity (worn) {rC+ rF+, Str-3 Int+4 Dex+2 SInv}
   (You found it on level 5 of the Vaults)

   Str-3:     It affects your strength (-3).
   Int+4:     It affects your intelligence (+4).
   Dex+2:     It affects your dexterity (+2).
   SInv:      It lets you see invisible.
 L - the +7 chain mail of Living Music (melded) {Regen+ rCorr}
   (You found it on level 8 of the Dungeon)

   Regen+:    It increases your rate of health regeneration.
   rCorr:     It protects you from acid and corrosion.
 N - the +2 pair of boots of Noffoju (melded) {Int+3}
   (You found it in a Gauntlet)

   Int+3:     It affects your intelligence (+3).
 P - a +5 kite shield of poison resistance (worn)
Jewellery
 g - the ring "Duig" {Will+ EV+5 Stlth+}
   (You found it in a Gauntlet)

   [ring of evasion]

   EV+5:      It affects your evasion (+5).
   Will+:     It increases your willpower.
   Stlth+:    It makes you more stealthy.
 G - the amulet "Ycalyup" (around neck) {Reflect Dex+5 SH+5}
   (You found it on level 4 of the Lair of Beasts)

   [amulet of reflection]

   Reflect:   It reflects blocked missile attacks.
   Dex+5:     It affects your dexterity (+5).
   SH+5:      It affects your SH (+5).
 I - the ring "Weiheweva" (right fist) {rF+++ rC- rN+ Int+3 Dex+6}
   (You took it off a yaktaur on level 5 of the Vaults)

   [ring of dexterity]

   Int+3:     It affects your intelligence (+3).
   Dex+6:     It affects your dexterity (+6).
   rF+++:     It renders you almost immune to fire.
   rC-:       It makes you vulnerable to cold.
   rN+:       It protects you from negative energy.
 O - the ring of the Shining One's Whim (left fist) {rElec rN+ Will++ MP+9 Dex+6}
   (You found it on level 3 of the Depths)

   [ring of dexterity]

   Dex+6:     It affects your dexterity (+6).
   rElec:     It insulates you from electricity.
   rN+:       It protects you from negative energy.
   Will++:    It greatly increases your willpower.
   MP+9:      It affects your magic capacity (+9).
Talismans
 i - a granite talisman (active)
 Z - a dragon-blood talisman
Wands
 y - a wand of paralysis (50)
 E - a wand of light (33)
 H - a wand of digging (28)
 M - a wand of mindburst (18)
 W - a wand of roots (54)
Scrolls
 b - 12 scrolls of identify
 c - 3 scrolls of silence
 e - a scroll of amnesia
 f - 2 scrolls of enchant armour
 k - 6 scrolls of vulnerability
 l - 4 scrolls of revelation
 t - 5 scrolls of immolation
 w - 6 scrolls of enchant weapon
 x - 10 scrolls of teleportation
 F - 6 scrolls of fog
 T - 3 scrolls of brand weapon
 Y - 10 scrolls of fear
Potions
 a - 26 potions of curing
 j - 12 potions of brilliance
 m - a potion of berserk rage
 o - 4 potions of cancellation
 p - 3 potions of haste
 q - a potion of enlightenment
 v - 2 potions of lignification
 A - 4 potions of might
 B - a potion of mutation
 C - 2 potions of resistance
 D - 7 potions of magic
 J - 5 potions of heal wounds
 Q - 6 potions of ambrosia
 R - 4 potions of invisibility
 S - a potion of attraction
Miscellaneous
 n - a condenser vane
 s - a lightning rod (4/4)
 V - the horn of Geryon


   Skills:
 + Level 22.6 Fighting
 - Level 1.5 Armour
 - Level 16.1 Dodging
 - Level 20.0 Shields
 - Level 17.0 Unarmed Combat
 - Level 10.0 Spellcasting
 - Level 15.0 Conjurations
 - Level 15.0 Fire Magic
 - Level 0.2 Earth Magic
 - Level 11.2 Alchemy
 - Level 14.0 Invocations
 - Level 10.0 Evocations
 - Level 20.6 Shapeshifting


You had 41 spell levels left.
You knew the following spells:

 Your Spells              Type           Power      Damage    Failure   Level
a - Irradiate             Conj/Alch      50%        3d28      1%          5

Your spell library contained the following spells:

 Spells                   Type           Power      Damage    Failure   Level
 Foxfire                  Conj/Fire      100%       2x1d9     0%          1
 Magic Dart               Conj           100%       1d8       0%          1
 Sting                    Conj/Alch      100%       1d9       1%          1
 Mercury Vapours          Alch/Air       100%       N/A       1%          2
 Momentum Strike          Conj/Tloc      100%       3d10      1%          2
 Scorch                   Fire           100%       2d9       1%          2
 Static Discharge         Conj/Air       100%       3-8/arc   1%          2
 Dazzling Flash           Conj/Hex       100%       N/A       1%          3
 Hailstorm                Conj/Ice       77%        3d13      1%          3
 Inner Flame              Hex/Fire       77%        N/A       1%          3
 Mephitic Cloud           Conj/Alch/Air  83%        N/A       1%          3
 Stone Arrow              Conj/Erth      100%       3d13      1%          3
 Flame Wave               Conj/Fire      100%       2d21      1%          4
 Ignite Poison            Fire/Alch      100%       N/A       1%          4
 Olgreb's Toxic Radiance  Alch           93%        N/A       1%          4
 Sticky Flame             Fire/Alch      100%       2d15      1%          4
 Alistair's Intoxication  Alch           62%        N/A       1%          5
 Fireball                 Conj/Fire      53%        3d21      1%          5
 Iskenderun's Battlesphe  Conj           100%       2d15      1%          5
 Cigotuvi's Dreadful Rot  Necr/Alch/Air  100%       N/A       2%          2
 Starburst                Conj/Fire      53%        6d14      2%          6
 Brom's Barrelling Bould  Conj/Erth      78%        2d9       3%          4
 Iskenderun's Mystic Bla  Conj/Tloc      77%        2d15      3%          4
 Summon Blazeheart Golem  Fire/Summ      77%        N/A       3%          4
 Sandblast                Erth           52%        2d12      7%          1
 Leda's Liquefaction      Alch/Erth      34%        N/A       7%          4
 Petrify                  Alch/Erth      68%        N/A       7%          4
 Apportation              Tloc           48%        N/A       8%          1
 Freeze                   Ice            96%        1d10      8%          1
 Necrotise                Necr           96%        1d8       8%          1
 Slow                     Hex            96%        N/A       8%          1
 Summon Small Mammal      Summ           96%        N/A       8%          1
 Arcjolt                  Conj/Air       38%        1d48      10%         5
 Blink                    Tloc           48%        N/A       12%         2
 Call Imp                 Summ           48%        N/A       12%         2
 Ensorcelled Hibernation  Hex/Ice        48%        N/A       12%         2
 Lesser Beckoning         Tloc           48%        N/A       12%         2
 Eringya's Noxious Bog    Alch           46%        4d6       12%         6
 Orb of Destruction       Conj           53%        9d13      14%         7
 Call Canine Familiar     Summ           24%        N/A       22%         3
 Confusing Touch          Hex            24%        N/A       22%         3
 Frozen Ramparts          Ice            48%        1d8       22%         3
 Fugue of the Fallen      Necr           24%        N/A       22%         3
 Gell's Gravitas          Tloc           24%        N/A       22%         3
 Ozocubu's Armour         Ice            24%        N/A       22%         3
 Passwall                 Erth           26%        N/A       22%         3
 Sigil of Binding         Hex            24%        N/A       22%         3
 Swiftness                Air            24%        N/A       22%         3
 Teleport Other           Tloc           24%        N/A       22%         3
 Tukima's Dance           Hex            24%        N/A       22%         3
 Vampiric Draining        Necr           24%        2d7       22%         3
 Yara's Violent Unravell  Hex/Alch       34%        3d14      22%         5
 Freezing Cloud           Conj/Ice/Air   32%        6-21      26%         5
 Bombard                  Conj/Erth      39%        9d7       45%         6
 Conjure Ball Lightning   Conj/Air       38%        3x3d12    47%         6
 Plasma Beam              Fire/Air       38%        2x1d52    47%         6
 Airstrike                Air            12%        2d(2-18)  58%         4
 Anguish                  Hex/Necr       12%        N/A       58%         4
 Animate Armour           Summ/Erth      50%        N/A       58%         4
 Animate Dead             Necr           24%        N/A       58%         4
 Cause Fear               Hex            12%        N/A       58%         4
 Dimensional Bullseye     Hex/Tloc       12%        N/A       58%         4
 Martyr's Knell           Necr/Summ      24%        N/A       58%         4
 Passage of Golubria      Tloc           24%        N/A       58%         4
 Summon Lightning Spire   Summ/Air       24%        N/A       58%         4
 Vhi's Electric Charge    Tloc/Air       48%        N/A       58%         4
 Ignition                 Fire           53%        3d15      71%         8
 Sculpt Simulacrum        Ice/Alch       34%        N/A       75%         6
 Lee's Rapid Deconstruct  Erth           13%        3d9*      89%         5
 Borgnjor's Vile Clutch   Necr/Erth      12%        N/A       90%         5
 Curse of Agony           Necr           24%        N/A       91%         5
 Metabolic Englaciation   Hex/Ice        12%        N/A       91%         5
 Silence                  Hex/Air        12%        N/A       91%         5
 Summon Forest            Summ/Tloc      12%        N/A       91%         5
 Summon Mana Viper        Hex/Summ       24%        N/A       91%         5
 Spellforged Servitor     Conj/Summ      38%        N/A       96%         7
 Death Channel            Necr           12%        N/A       100%        6
 Dispersal                Tloc           12%        N/A       100%        6
 Summon Cactus Giant      Summ           12%        N/A       100%        6
 Enfeeble                 Hex            12%        N/A       100%        7
 Haunt                    Necr/Summ      12%        N/A       100%        7
 Ozocubu's Refrigeration  Ice            12%        4d10      100%        7
 Summon Hydra             Summ           12%        N/A       100%        7
 Discord                  Hex            12%        N/A       100%        8
 Infestation              Necr           12%        N/A       100%        8
 Lehudib's Crystal Spear  Conj/Erth      39%        10d10     100%        8
 Maxwell's Capacitive Co  Air            12%        ∞         100%        8
 Death's Door             Necr           12%        N/A       100%        9
 Sublimation of Blood     Necr           Unusable   N/A       N/A         2

Dungeon Overview and Level Annotations

Branches:
Dungeon (15/15)            Temple (1/1) D:5            Lair (5/5) D:8
 Shoals (4/4) Lair:3       Spider (4/4) Lair:3        Slime (5/5) Lair:4
    Orc (2/2) D:9             Elf (3/3) Orc:2        Vaults (5/5) D:13
  Crypt (3/3) Vaults:3       Tomb (0/3) Crypt:3      Depths (4/4) D:15
   Hell (visited)             Dis (0/7) Hell            Geh (0/7) Hell
    Coc (0/7) Hell            Tar (0/7) Hell            Zot (5/5) Depths:4
  Sewer (visited)         Gauntlet (visited)

Altars:
Ashenzari
Cheibriados
Dithmenos
Fedhas
Gozag
Hepliaklqana
Kikubaaqudgha
Makhleb
Nemelex Xobeh
Okawaru
Qazlal
Ru
Sif Muna
Trog
Uskayaw
Vehumet
Wu Jian
Xom
Yredelemnul

Shops:
D:9 *   Orc:2 :[(:   Elf:1 [   Shoals:1 :   Shoals:2 *

Portals:
Hell: Depths:1 Depths:2 Depths:3 Depths:4
Abyss: Depths:3
Pandemonium: Depths:2
Ziggurat: Depths:1
Trove: Vaults:4 (give +5 fire dragon scales)

Annotations:
D:10 3 runed translucent doors, topfpfpflanze's ghost, novice OpCj
D:13 3 runed translucent doors, Fildev's ghost, journeyman TrFi
Spider:4 1 runed translucent door, Kenran's ghost, adept MiFi
Depths:3 1 runed translucent door


Innate Abilities, Weirdness & Mutations

You are a living statue of rough stone.
Your actions are slow, but your melee attacks are powerful.
You are resistant to unholy torment.
Your maximum health is greatly increased.
Your equipment is partially melded.
You are immune to poison.
You have a pair of large antennae on your head. (SInv)
(You are completely covered in rugged brown scales. (AC +3, +7% HP))
You frequently emit foul miasma when damaged in melee.
You are powered by pain.
Your magical and physical power is greatly enhanced at high health.
You have hoof-like feet.
Your flesh is cold resistant. (rC+)
You are extremely frail. (-30% HP)
Your magical capacity is very low. (-20% MP)
You are somewhat resistant to further mutation.
You occasionally shout uncontrollably at your foes.


Message History

The reaper moves out of view.
A demonspawn warmonger comes into view.
It is wielding a +2 vampiric demon blade and wearing a +3 plate armour of cold resistance.
Unknown command.
Unknown command.
You feel yourself speed up.
The demonspawn warmonger calls upon its god to speed up the demonspawn warmonger.
The demonspawn warmonger seems to speed up.
You feel protected.
You block the demonspawn warmonger's attack.
The demonspawn warmonger completely misses you.
You block the demonspawn warmonger's attack. x2
The demonspawn warmonger claws you but does no damage.
The demonspawn warmonger closely misses you.
Unknown command.
Unknown command.
The demonspawn warmonger invokes the aid of its god against you.
Your magic feels tainted. 2 orange demons come into view.
Unknown command.
Unknown command.
A cacodemon comes into view.
The cacodemon shouts!
The orange demon screeches! x2
Unknown command.
Unknown command.
Blink to where?
Press: ? - help, Dir - move target
As you read the scroll of blinking, it crumbles to dust.
Unknown command.
Aiming: Dig
Press: ? - help, Shift-Dir - straight line You can't see that place. [the floor.]
The rock shatters into small pieces.
Unknown command.
You hear a grinding noise.
You hear a grinding noise.
You hear a grinding noise.
You hear a grinding noise.
There is a staircase leading out of the dungeon here.
You have escaped!

#.....# #.# # ##{......
#.....######.####
#.#.#{.#.####
#...............###.#6..###.#
###'######^####.....4.#####.#
#.# #............# #...# #.#
##..#####..#.# #...# #.#
##..#...°.#...# #...# #.#
##..#..§.6..#..#####.# #.#
#..#....8.°..#..# #.# #.#
##..#..○○...#..## #.# #.#
##..#○○...#..## #.# #.#
##..#####..## #.# #.#
##.......## #.# #.# #########
#.# #.# #.# ####.# #.# .....#
#.#


You could see 2 demonspawn warmongers and an orange demon.

Vanquished Creatures
  the Royal Jelly (Slime:5)
  3 dread liches
  11 orbs of fire
  7 ancient liches
  Mara (Shoals:4)
  4 Killer Klowns (Zot:5)
  Boris (twice) (Depths:2 Crypt:1)
  Margery (Crypt:3)
  Saint Roka (D:13)
  4 curse toes
  7 golden dragons
  Geryon (Hell)
  Norris (Depths:1)
  the Enchantress (Depths:1)
  3 electric golems
  Jorgrun (D:12)
  3 bone dragons
  A Hell Sentinel (Zot:3)
  12 tentacled monstrosities
  2 hellephants
  2 shard shrike skeletons
  28 Orb Guardians
  Zenata (Vaults:1)
  5 liches
  5 titans (Vaults:5)
  A deep elf blademaster (Elf:3)
  5 quicksilver dragons
  15 sphinxes
  23 acid blobs
  2 deep elf master archers (Elf:3)
  Polyphemus (Shoals:4)
  3 krakens (Shoals:3)
  A searing wretch (Crypt:3)
  3 tentacled starspawn
  16 death cobs
  Murray (Hell)
  3 ancient champions (Crypt:2)
  3 tengu reavers
  9 shadow dragons
  14 storm dragons
  6 revenants
  6 rockslimes
  The ghost of Kauttur the Severer, a journeyman MiFi of Zin (Elf:2)
  11 azure jellies
  9 frost giants
  4 draconian knights
  11 fire giants
  6 draconian monks
  4 draconian shifters
  Donald (Spider:3)
  4 deep elf sorcerers
  3 iron dragons
  6 draconian scorchers
  3 protean progenitors (Zot:1)
  3 balrugs
  An angel (Shoals:4)
  18 vault wardens
  2 caustic shrike zombies
  3 draconian stormcallers
  6 deep elf elementalists (Elf:3)
  6 ghost moths
  2 ghouls (Crypt:1)
  4 curse skulls
  6 emperor scorpions
  22 ironbound preservers
  5 spriggan defenders
  Louise (Spider:3)
  5 reapers
  2 juggernaut zombies (Hell)
  8 draconian annihilators
  4 juggernaut skeletons (Crypt:2)
  2 orc warlords
  4 caustic shrike skeletons (Crypt:2)
  13 very ugly things
  4 broodmothers
  7 ironbound thunderhulks
  12 quicksilver oozes
  An apis (Shoals:4)
  3 deep elf demonologists
  25 stone giants
  Nessos (D:12)
  7 deep elf death magi
  6 vampire knights
  12 black draconians
  16 purple draconians
  14 deep elf annihilators
  13 green draconians
  9 white draconians
  18 dire elephants
  19 red draconians
  10 yellow draconians
  9 war gargoyles
  The ghost of Wociock the Destroyer, a journeyman DgHW (D:14)
  7 spark wasps
  2 blizzard demons
  A mummy priest (Crypt:3)
  2 crystal guardians (D:13)
  2 eidola
  2 green deaths
  Josephine (Lair:4)
  11 ettins
  10 fire dragons
  3 entropy weavers
  10 merfolk javelineers
  11 yaktaur captains
  37 vault guards
  4 jiangshi
  9 great orbs of eyes
  4 rakshasas
  Fannar (D:10)
  A spriggan zombie (Hell)
  3 ice dragons
  6 spriggan air magi
  A pearl dragon skeleton (Crypt:2)
  4 deep elf high priests
  An ogre mage (Vaults:5)
  8 merfolk impalers
  A quicksilver dragon skeleton (Crypt:2)
  8 hydras
  4 peacekeepers
  2 radroaches
  3 hell beasts
  A ghost crab (Crypt:3)
  10 ironbound frosthearts
  2 spriggan skeletons (Crypt:3)
  Erica (D:9)
  A jorogumo (Spider:4)
  22 centaur warriors
  A two-headed ogre (shapeshifter) (Depths:1)
  26 dancing weapons
  9 merfolk aquamancers
  10 boulder beetles
  4 catoblepae
  2 fenstrider witch skeletons (Crypt:2)
  6 death knights
  7 two-headed ogres
  18 death yaks
  5 deep troll shamans
  A titan zombie (Crypt:1)
  10 demonic crawlers
  3 satyrs
  5 tengu warriors
  A quicksilver ooze zombie (Crypt:1)
  A death scarab (Gauntlet)
  7 hell hogs
  2 occultists
  Urug (D:12)
  16 sun demons
  3 deep troll earth magi
  10 orc high priests
  2 thrashing horrors
  A storm dragon zombie (Depths:1)
  3 vampire magi
  Sonja (Lair:2)
  24 deep elf knights
  7 spriggan berserkers
  35 hell knights
  A hellephant skeleton (Crypt:2)
  14 soul eaters
  A titan skeleton (Crypt:3)
  4 sixfirhies
  4 iron trolls (Depths:1)
  11 sea snakes
  A golden dragon zombie (Hell)
  4 wretched stars (Abyss:2)
  5 pharaoh ants
  4 shadow wraiths
  34 skeletal warriors
  4 skysharks
  2 spark wasp zombies (Hell)
  A fire crab (shapeshifter) (Elf:1)
  Lodul (D:10)
  A bunyip zombie (Crypt:2)
  2 cherubim (Shoals:4)
  5 large abominations (Abyss:2)
  A shining eye (shapeshifter) (Vaults:5)
  7 glowing orange brains
  2 death drakes (Zot:3)
  45 deep trolls
  A quicksilver dragon simulacrum (Depths:4)
  A mana viper (shapeshifter) (Elf:1)
  A spriggan simulacrum (Crypt:2)
  4 sun moths
  A golden dragon skeleton (Crypt:2)
  3 flayed ghosts
  4 shadow demons
  9 arcanists
  15 orb spiders
  8 orc knights
  An orb spider (shapeshifter) (D:15)
  A steelbarb worm (shapeshifter) (Elf:1)
  3 tengu zombies
  11 phantasmal warriors
  16 deep elf archers
  3 anaconda skeletons
  5 steelbarb worms
  11 necromancers
  12 ironbound convokers
  6 lindwurms
  A shadow dragon zombie (Hell)
  11 harpies
  56 ugly things
  15 wolf spiders
  28 deep elf pyromancers
  28 deep elf zephyrmancers
  3 alligator zombies (Hell)
  5 shining eyes
  A frost giant zombie (Hell)
  Maurice (Orc:1)
  A stone giant zombie (Hell)
  A worldbinder (Abyss:2)
  15 manticores
  2 oklob plants (Lair:4)
  2 alligator skeletons
  5 orc sorcerers
  12 cyclopes
  A centaur zombie (D:10)
  18 fauns
  33 moths of wrath
  8 rust devils (Hell)
  18 vault sentinels
  A dire elephant zombie (Crypt:2)
  A mana viper zombie (Crypt:1)
  A molten gargoyle (Hell)
  An ice statue (Depths:4)
  4 merfolk sirens
  19 elephants
  A black mamba (shapeshifter) (D:11)
  6 black mambas
  5 kobold blastminers
  9 meliai
  3 water nymphs (Shoals:2)
  A stone giant skeleton (Depths:1)
  2 eyes of devastation
  A centaur skeleton (Crypt:3)
  9 gargoyles
  A yaktaur zombie (Vaults:1)
  2 hellions
  An unseen horror (D:13)
  A yellow draconian zombie (Crypt:1)
  15 cane toads
  7 torpor snails
  13 smoke demons
  A dire elephant skeleton (Crypt:2)
  A kobold demonologist (D:9)
  7 rime drakes
  An unseen horror zombie (D:10)
  29 yaktaurs
  3 hydra zombies (Hell)
  9 komodo dragons
  A purple draconian skeleton (Crypt:2)
  12 ice devils
  An efreet (D:15)
  A tormentor (Abyss:5)
  5 freezing wraiths
  A yaktaur skeleton (Vaults:1)
  2 guardian mummies (Crypt:3)
  A red devil (Zot:4)
  A queen bee (shapeshifter) (D:13)
  2 queen bees
  9 trolls
  3 tengu conjurers
  3 ancient zymes (Abyss:2)
  A harpy zombie (Crypt:3)
  4 wind drakes
  11 hornets
  32 merfolk
  2 harpy skeletons (Crypt:3)
  32 tarantellas
  Prince Ribbit (D:6)
  A tarantella (shapeshifter) (Vaults:5)
  5 hydra skeletons
  8 raiju (Abyss:2)
  A raiju (shapeshifter) (D:15)
  5 snapping turtles
  2 glass eyes
  A fire giant simulacrum (Depths:1)
  17 dream sheep
  A radroach zombie (Crypt:1)
  14 blink frogs
  2 air elementals (Elf:1)
  28 jumping spiders
  101 slime creatures
  9 shadows
  A human simulacrum (Vaults:2)
  A spectral black mamba (Gauntlet)
  21 culicivoras
  2 guardian serpent skeletons (Crypt:2)
  3 spriggans
  10 water elementals
  14 wraiths
  11 wyverns
  5 fire dragon skeletons (Crypt:3)
  A black mamba skeleton (Crypt:3)
  A hog (shapeshifter) (Elf:1)
  3 ynoxinuls (Abyss:2)
  Grum (D:8)
  98 yaks
  11 basilisks
  A yak (shapeshifter) (Elf:1)
  A human (shapeshifter) (Vaults:5)
  60 redbacks
  10 golden eyes
  A basilisk (shapeshifter) (Elf:1)
  2 humans (D:13)
  2 wargs
  A yaktaur simulacrum (Vaults:1)
  A steam dragon (D:8)
  5 vampire mosquitoes
  4 fire elementals
  2 chaos spawn
  3 spatial vortices (Abyss:4)
  Edmund (D:5)
  2 acid dragons
  A demonspawn skeleton (Hell)
  14 water moccasins
  9 hell hounds
  41 orc warriors
  4 ice beasts
  41 laughing skulls
  2 sky beasts
  3 black bears
  8 wolves
  18 ogres
  An elephant zombie (Crypt:2)
  16 centaurs
  2 crocodiles (shapeshifter)
  9 starcursed masses (Abyss:2)
  2 phantoms (D:4)
  5 boggarts
  A torpor snail zombie (Crypt:2)
  4 kobold brigands
  A weeping skull (Abyss:2)
  16 bullfrogs
  4 scorpions
  6 small abominations
  An elf skeleton (Crypt:1)
  8 earth elementals
  A naga simulacrum (Crypt:2)
  A gnoll sergeant (D:13)
  9 wights
  A wyvern skeleton (Crypt:2)
  34 killer bees
  A yak zombie (Crypt:2)
  6 howler monkeys
  6 electric eels
  3 quasits (Abyss:2)
  An iron imp (Abyss:2)
  A bombardier beetle (D:4)
  2 gnoll boudas
  25 orc priests
  3 hounds
  7 jellies
  A human skeleton (Crypt:1)
  An iguana (D:8)
  35 orc wizards
  Natasha (thrice) (D:3)
  18 hell rats
  A crocodile zombie (Crypt:2)
  10 mummies (Crypt:3)
  11 gnolls
  7 adders
  A shadow imp (D:5)
  3 white imps
  2 ufetubi (D:4)
  2 dart slugs
  2 ribbon worms
  110 orcs
  8 endoplasms
  5 giant cockroaches
  4 goblins
  4 hobgoblins
  3 jackals (D:3)
  15 kobolds
  9 quokkas
  8 ball pythons
  8 bats
  3 frilled lizards
  A goblin skeleton (Crypt:2)
  A kobold skeleton (Crypt:1)
  10 rats
  A rat zombie (Crypt:1)
  An aspiring flesh (Zot:1)
  A starspawn tentacle (Abyss:2)
  10 tentacles (Shoals:3)
2910 creatures vanquished.

Vanquished Creatures (collateral kills)
  An acid blob (Slime:5)
  An azure jelly (Slime:5)
  A draconian monk (Zot:5)
  A hydra (D:15)
  A skeletal warrior (D:15)
  An orc warrior (Orc:1)
  An orc wizard (Orc:1)
7 creatures vanquished.

Vanquished Creatures (others)
  A draconian monk (Depths:4)
  A deep elf elementalist (Elf:3)
  A yellow draconian (Zot:3)
  A dire elephant (Depths:2)
  A merfolk impaler (Shoals:4)
  2 deep elf knights (Elf:2)
  A quicksilver dragon simulacrum (Depths:4)
  A sea snake (Shoals:2)
  A phantasmal warrior (Depths:1)
  3 deep elf pyromancers
  A deep elf zephyrmancer (Elf:3)
  A manticore (Shoals:4)
  A yaktaur (Vaults:1)
  A jumping spider (Spider:2)
  A chaos spawn (Abyss:2)
  An ettin simulacrum (Depths:4)
  A hell rat (Lair:4)
  2 orcs (Orc:2)
  5 starspawn tentacles
  26 tentacles (Shoals:3)
53 creatures vanquished.

Grand Total: 2970 creatures vanquished

Notes
Turn   | Place    | Note
-------+----------+-------------------------------------------
     0 | D:1      | ExZ the Demonspawn Shapeshifter began the quest for the
                  | Orb.
     0 | D:1      | Reached XP level 1. HP: 15/15 MP: 1/1
   277 | D:1      | Gained mutation: You may rarely emit foul miasma when
                  | damaged in melee. [demonic ancestry]
   277 | D:1      | Reached XP level 2. HP: 20/21 MP: 2/2
  1216 | D:2      | Gained mutation: You sometimes gain a little power by
                  | taking damage. [demonic ancestry]
  1216 | D:2      | Reached XP level 3. HP: 17/27 MP: 3/3
  2054 | D:3      | Noticed a scorpion
  2079 | D:3      | Reached skill level 2 in Fighting
  2093 | D:3      | Reached XP level 4. HP: 25/33 MP: 4/4
  2128 | D:3      | Found a burning altar of Makhleb.
  2280 | D:3      | Identified the +0 hat "Wiesol" {Int-2 Dex+5}
  2409 | D:2      | Killed a scorpion
  2410 | D:2      | Reached XP level 5. HP: 17/40 MP: 5/5
  2595 | D:3      | Noticed Natasha
  2611 | D:3      | Killed Natasha
  2612 | D:3      | Reached skill level 3 in Fighting
  2669 | D:3      | Noticed Natasha
  2689 | D:3      | Killed Natasha
  2845 | D:3      | Found an ancient bone altar of Kikubaaqudgha.
  2877 | D:3      | Found a sacrificial altar of Ru.
  3297 | D:4      | Reached skill level 5 in Shapeshifting
  3297 | D:4      | Reached XP level 6. HP: 47/47 MP: 6/6
  3509 | D:4      | Identified the +5 spear of Sloth {elec, *Rage Int+6}
  3880 | D:4      | Found a glowing drain.
  3888 | Sewer    | Entered a sewer
  4166 | Sewer    | Reached skill level 4 in Fighting
  4667 | D:5      | Entered Level 5 of the Dungeon
  4712 | D:4      | Gained mutation: You are partially covered in rugged brown
                  | scales. (AC +1, +3% HP) [demonic ancestry]
  4712 | D:4      | Reached XP level 7. HP: 26/55 MP: 7/7
  4812 | D:4      | Upgraded the game from 0.31.0-4-g52a2dc7128 to
                  | 0.31.0-9-g3a7656b989
  4930 | D:4      | Reached skill level 5 in Fighting
  5916 | D:5      | Noticed Edmund
  5959 | D:5      | Killed Edmund
  5960 | D:5      | Gained mutation: You are mostly covered in rugged brown
                  | scales. (AC +2, +5% HP) [demonic ancestry]
  5960 | D:5      | Reached XP level 8. HP: 41/65 MP: 8/8
  6106 | D:5      | Found a staircase to the Ecumenical Temple.
  6131 | Temple   | Entered the Ecumenical Temple
  6204 | Temple   | Became a worshipper of Qazlal Stormbringer
  6511 | D:6      | Noticed Prince Ribbit
  6528 | D:6      | Killed Prince Ribbit
  6649 | D:6      | Noticed a troll
  7553 | D:7      | Reached skill level 6 in Fighting
  7645 | D:6      | Reached XP level 9. HP: 45/72 MP: 9/9
  8383 | D:8      | Found a bloodstained altar of Trog.
  8407 | D:7      | Reached skill level 5 in Unarmed Combat
  8473 | D:8      | Reached * piety under Qazlal
  8629 | D:8      | Reached skill level 7 in Fighting
  8908 | D:8      | Reached skill level 8 in Fighting
  9028 | D:8      | Found a staircase to the Lair.
  9123 | D:8      | Reached XP level 10. HP: 84/84 MP: 10/10
  9158 | D:8      | Identified the +7 chain mail of Living Music {Regen+ rCorr}
  9630 | D:8      | Noticed Grum
  9656 | D:8      | Killed Grum
 10069 | D:8      | Noticed a gargoyle
 10081 | D:8      | Killed a gargoyle
 10745 | D:3      | Noticed Natasha
 10753 | D:3      | Killed Natasha
 11449 | D:9      | Paralysed by a hornet for 2 turns
 11666 | D:9      | Reached skill level 9 in Fighting
 11684 | D:9      | Reached ** piety under Qazlal
 11827 | D:9      | Found a staircase to the Orcish Mines.
 11828 | D:9      | Noticed Erica
 12067 | Lair:1   | Entered Level 1 of the Lair of Beasts
 12067 | Lair:1   | Noticed a cane toad
 12079 | Lair:1   | Killed a cane toad
 12097 | Lair:1   | Noticed a cane toad
 12104 | Lair:1   | Killed a cane toad
 12106 | Lair:1   | Noticed a cane toad
 12117 | Lair:1   | Killed a cane toad
 12128 | Lair:1   | Found a gate leading to a gauntlet.
 12142 | Gauntlet | Entered a Gauntlet
 12142 | Gauntlet | Found a transporter.
 12149 | Gauntlet | Noticed a death scarab
 12155 | Gauntlet | Found a transporter.
 12170 | Gauntlet | Found a transporter.
 12172 | Gauntlet | Noticed a blizzard demon
 12175 | Gauntlet | Found a transporter.
 12190 | Gauntlet | Found a transporter.
 12209 | Gauntlet | Found a transporter.
 12217 | Gauntlet | Found a large runed translucent door.
 12218 | Gauntlet | Found a large runed translucent door.
 12219 | Gauntlet | Found a large runed translucent door.
 12219 | Gauntlet | Found a large runed translucent door.
 12220 | Gauntlet | Found a runed translucent gate.
 12220 | Gauntlet | Noticed a fire crab
 12221 | Gauntlet | Found a transporter.
 12221 | Gauntlet | Found a runed translucent gate.
 12222 | Gauntlet | Found a runed translucent gate.
 12223 | Gauntlet | Found a large runed translucent door.
 12223 | Gauntlet | Found a large runed translucent door.
 12224 | Gauntlet | Found a large runed translucent door.
 12225 | Gauntlet | Found a large runed translucent door.
 12233 | Gauntlet | Found a transporter.
 12236 | Gauntlet | Noticed a meliai
 12237 | Gauntlet | Noticed a meliai
 12237 | Gauntlet | Noticed a meliai
 12245 | Gauntlet | Found a transporter.
 12257 | Gauntlet | Found a transporter.
 12263 | Gauntlet | Noticed an entropy weaver
 12274 | Gauntlet | Found a transporter.
 12292 | Gauntlet | Found a transporter.
 12294 | Gauntlet | Found a transporter.
 12295 | Gauntlet | Noticed a tengu warrior
 12321 | Gauntlet | Found a transporter.
 12321 | Gauntlet | Found a transporter.
 12341 | Gauntlet | Found a transporter.
 12415 | Gauntlet | Found a large runed translucent door.
 12415 | Gauntlet | Found a large runed translucent door.
 12415 | Gauntlet | Found a runed translucent door.
 12415 | Gauntlet | Found a runed translucent door.
 12416 | Gauntlet | Found a large runed translucent door.
 12417 | Gauntlet | Found a large runed translucent door.
 12419 | Gauntlet | Found a transporter.
 12435 | Gauntlet | Found a large runed translucent door.
 12435 | Gauntlet | Found a large runed translucent door.
 12436 | Gauntlet | Found a large runed translucent door.
 12437 | Gauntlet | Found a large runed translucent door.
 12443 | Gauntlet | Found a transporter.
 12849 | Gauntlet | Identified the ring "Duig" {Will+ EV+5 Stlth+}
 12905 | Gauntlet | Killed a death scarab
 12906 | Gauntlet | Gained mutation: You sometimes gain power by taking damage.
                  | [demonic ancestry]
 12906 | Gauntlet | Reached XP level 11. HP: 94/94 MP: 7/11
 12937 | Gauntlet | Identified the +2 pair of boots of Noffoju {Int+3}
 13039 | Gauntlet | Reached skill level 10 in Fighting
 13047 | Gauntlet | Identified the ring of Dithmenos's Wrath {rC+ Dex+6}
 13051 | Gauntlet | Identified the orb of the Stone Wall {light, ^Drain Int+4}
 13140 | Gauntlet | Identified the +5 morningstar "Imp's Funeral" {spect,
                  | *Noise Fly Str+3 Dex+5}
 13140 | Gauntlet | Noticed a minotaur
 13173 | Gauntlet | HP: 4/94 [minotaur/javelin (27)]
 13597 | Lair:1   | Reached skill level 5 in Dodging
 13988 | Lair:1   | Reached *** piety under Qazlal
 13989 | Lair:1   | Reached skill level 10 in Unarmed Combat
 14270 | Lair:1   | Reached skill level 10 in Shapeshifting
 14425 | Lair:2   | Reached XP level 12. HP: 76/101 MP: 12/12
 14649 | Lair:2   | Noticed Sonja
 14659 | Lair:2   | Killed Sonja
 15540 | Lair:3   | Reached **** piety under Qazlal
 15542 | Lair:3   | Noticed a four-headed hydra
 15557 | Lair:3   | Killed a four-headed hydra
 15863 | Lair:3   | Found a hole to the Spider Nest.
 16400 | Lair:3   | You fall into a shaft and drop 2 floors!
 16400 | Lair:5   | Entered Level 5 of the Lair of Beasts
 16720 | Lair:4   | Gained mutation: You are powered by pain. [demonic
                  | ancestry]
 16720 | Lair:4   | Reached XP level 13. HP: 100/108 MP: 13/13
 16888 | Lair:4   | Reached skill level 10 in Dodging
 16984 | Lair:4   | Noticed Josephine
 17002 | Lair:4   | Killed Josephine
 17575 | Lair:4   | Reached ***** piety under Qazlal
 18221 | Lair:3   | Found a staircase to the Shoals.
 19541 | Lair:4   | Found a staircase to the Slime Pits.
 19888 | Lair:4   | Reached skill level 11 in Fighting
 20228 | Lair:4   | Identified the amulet "Ycalyup" {Reflect Dex+5 SH+5}
 20403 | Lair:5   | Gained mutation: Your magical and physical power is
                  | slightly enhanced at high health. [demonic ancestry]
 20403 | Lair:5   | Reached XP level 14. HP: 112/118 MP: 8/14
 21124 | Lair:5   | Reached skill level 1 in Invocations
 21180 | Lair:5   | Reached skill level 5 in Invocations
 21943 | D:9      | Killed Erica
 21944 | D:9      | Reached skill level 1 in Evocations
 22279 | D:9      | Identified the +6 spear of the Shimmering Genius {freeze,
                  | Int+6}
 22352 | D:9      | Identified the +3 dagger "Omuusch" {vamp, rF++ Dex-5 SInv
                  | Stlth+}
 22748 | D:9      | Found Oqeagh's Neck Hole.
 22888 | Orc:1    | Entered Level 1 of the Orcish Mines
 22914 | Orc:1    | Reached ****** piety under Qazlal
 23089 | Orc:1    | Reached skill level 5 in Evocations
 23401 | Orc:2    | Entered Level 2 of the Orcish Mines
 23401 | Orc:2    | Noticed Maurice
 23415 | Orc:1    | Killed Maurice
 23534 | Orc:2    | Noticed an orc warlord
 23612 | Orc:1    | Reached XP level 15. HP: 110/126 MP: 21/21
 23822 | Orc:2    | Found a staircase to the Elven Halls.
 23971 | Orc:2    | Found Tecsaf's Book Shop.
 24231 | Orc:2    | Reached skill level 12 in Fighting
 24250 | Orc:2    | Found Wedeb's Antique Armour Shop.
 24252 | Orc:2    | Found Gelovasi's Antique Weapon Boutique.
 24265 | Orc:2    | Bought a brightly glowing chain mail for 294 gold pieces
 24265 | Orc:2    | Identified the +3 chain mail "Kiofel" {Dex+4} (You bought
                  | it in a shop on level 2 of the Orcish Mines)
 24371 | Orc:2    | Found Omyo's Book Boutique.
 24594 | D:10     | Entered Level 10 of the Dungeon
 24604 | D:10     | Noticed Fannar
 24615 | D:10     | Killed Fannar
 24744 | D:10     | Noticed Lodul
 24753 | D:10     | Killed Lodul
 24920 | D:10     | Found a runed translucent gate.
 24920 | D:10     | Found a runed translucent gate.
 24920 | D:10     | Found a runed translucent gate.
 24920 | D:10     | Noticed topfpfpflanze's ghost (novice OpCj)
 24922 | D:10     | Found a basalt altar of Yredelemnul.
 24956 | D:10     | Identified the +3 long sword "Arbiter" {drain, rF+ rC-
                  | MP+9}
 25010 | D:10     | Found a sparkling altar of Nemelex Xobeh.
 26146 | D:12     | Noticed Jorgrun
 26147 | D:12     | You fall into a shaft and drop 2 floors!
 26185 | D:14     | Found a runed translucent door.
 26186 | D:14     | Noticed Wociock's ghost (journeyman DgHW)
 26427 | D:14     | Reached skill level 15 in Shapeshifting
 26451 | D:14     | Found a large runed translucent door.
 26467 | D:14     | Found a large runed translucent door.
 26706 | D:12     | Killed Jorgrun
 26750 | D:12     | Noticed Urug
 26757 | D:12     | Killed Urug
 26766 | D:12     | Noticed Nessos
 26772 | D:12     | Killed Nessos
 27157 | D:13     | Found a runed translucent gate.
 27158 | D:13     | Found a runed translucent gate.
 27159 | D:13     | Found a runed translucent gate.
 27177 | D:13     | Noticed Fildev's ghost (journeyman TrFi)
 27259 | D:13     | Gained mutation: You are completely covered in rugged brown
                  | scales. (AC +3, +7% HP) [demonic ancestry]
 27259 | D:13     | Reached XP level 16. HP: 105/138 MP: 22/22
 27565 | D:13     | Found a gate to the Vaults.
 28346 | D:15     | Entered Level 15 of the Dungeon
 28776 | D:15     | Found a sparkling altar of Nemelex Xobeh.
 29274 | D:15     | Reached skill level 1 in Shields
 29334 | D:15     | Found a staircase to the Depths.
 29739 | Spider:1 | Entered Level 1 of the Spider Nest
 30044 | Spider:1 | You fall into a shaft and drop 1 floor!
 30433 | Spider:1 | Gained mutation: You have a pair of small antennae on your
                  | head. [demonic ancestry]
 30433 | Spider:1 | Reached XP level 17. HP: 56/144 MP: 23/23
 30442 | Spider:1 | Reached skill level 5 in Shields
 32686 | Spider:3 | Noticed Donald
 32689 | Spider:3 | Noticed Louise
 32692 | Abyss:2  | Cast into level 2 of the Abyss (Louise)
 32968 | Spider:3 | Escaped the Abyss
 32987 | Spider:3 | Killed Louise
 33000 | Spider:3 | Killed Donald
 33005 | Spider:3 | Reached XP level 18. HP: 150/150 MP: 24/24
 33358 | Spider:4 | Entered Level 4 of the Spider Nest
 33730 | Spider:4 | Reached skill level 10 in Shields
 34124 | Spider:4 | Got a gossamer rune of Zot
 34431 | Spider:4 | Found a runed translucent door.
 34434 | Spider:4 | Found a shimmering altar of Xom.
 34434 | Spider:4 | Noticed Kenran's ghost (adept MiFi)
 34648 | Shoals:1 | Entered Level 1 of the Shoals
 35080 | Shoals:1 | Found Upty's Book Shop.
 35094 | Shoals:1 | Bought a manual of Dodging for 1120 gold pieces
 35759 | Shoals:2 | Identified the +4 shortbow of the Equator {flame, +Blink}
 35881 | Shoals:2 | Found Jezuk's Assorted Antiques.
 35888 | Shoals:2 | Bought a scroll of fog for 152 gold pieces
 37160 | Shoals:4 | Entered Level 4 of the Shoals
 37160 | Shoals:4 | Noticed Mara
 37162 | Shoals:4 | Noticed ExZ's illusion
 37168 | Shoals:4 | Noticed Polyphemus
 37176 | Shoals:4 | Killed Mara
 37178 | Shoals:4 | Killed Polyphemus
 37179 | Shoals:4 | Gained mutation: You have a pair of antennae on your head.
                  | [demonic ancestry]
 37179 | Shoals:4 | Reached XP level 19. HP: 157/157 MP: 9/25
 37379 | Shoals:4 | Identified the +1 chain mail of Summertime {Str+4 Slay+3}
 37567 | Shoals:4 | Identified the +5 scale mail "Iczag" {rElec rN+ Will-}
 37827 | Shoals:4 | Got a barnacled rune of Zot
 38161 | Vaults:1 | Entered Level 1 of the Vaults
 38172 | Vaults:1 | Noticed Saint Roka
 38401 | D:13     | Killed Saint Roka
 38777 | Vaults:1 | Noticed Zenata
 38793 | Vaults:1 | Killed Zenata
 39132 | Vaults:1 | Reached skill level 13 in Fighting
 40857 | Vaults:2 | Identified the +2 pair of boots of Relativism {Int+5 Dex-5}
 40880 | Vaults:2 | Reached XP level 20. HP: 167/167 MP: 26/26
 41088 | Vaults:2 | Identified the +2 robe of Action {*Slow rC++}
 41334 | Vaults:2 | Reached skill level 15 in Shields
 41761 | Vaults:3 | Reached skill level 14 in Fighting
 42434 | Vaults:3 | Found a staircase to the Crypt.
 42844 | Vaults:4 | Reached skill level 15 in Fighting
 43744 | Vaults:4 | Reached XP level 21. HP: 181/181 MP: 27/27
 43822 | Vaults:4 | Identified the +1 robe of Vanity {Regen+ MP+9 Int+3}
 43880 | Vaults:4 | Found a portal to a secret trove of treasure.
 44258 | Vaults:5 | Entered Level 5 of the Vaults
 44435 | D:14     | Killed Wociock's ghost
 44477 | Depths:1 | Entered Level 1 of the Depths
 44485 | Depths:1 | Reached skill level 16 in Fighting
 44636 | Depths:1 | Found an iron altar of Okawaru.
 44761 | Depths:1 | Identified the +10 morningstar of Anger {pain, rPois rF+}
 44786 | Depths:1 | Noticed a golden dragon
 44803 | Depths:1 | Killed a golden dragon
 44894 | Depths:1 | Reached skill level 15 in Unarmed Combat
 44954 | Depths:1 | Reached skill level 17 in Fighting
 45078 | Depths:1 | Noticed Norris
 45112 | Depths:1 | Killed Norris
 45234 | Depths:1 | Found a one-way gateway to a ziggurat.
 45364 | Depths:1 | Noticed the Enchantress
 45373 | Depths:1 | Killed the Enchantress
 45812 | Depths:1 | Found a gateway to Hell.
 45918 | Depths:1 | You fall into a shaft and drop 1 floor!
 46292 | Elf:1    | Entered Level 1 of the Elven Halls
 46322 | Elf:1    | Found Giafrowu's Antique Armour Emporium.
 46419 | Elf:1    | Got the Directory of Reformation
 46523 | Elf:1    | Reached skill level 18 in Fighting
 46814 | Elf:1    | Gained mutation: Your magical and physical power is
                  | enhanced at high health. [demonic ancestry]
 46814 | Elf:1    | Reached XP level 22. HP: 196/196 MP: 28/28
 47424 | Elf:2    | Found a runed translucent gate.
 47424 | Elf:2    | Found a runed translucent gate.
 47426 | Elf:2    | Found a runed translucent gate.
 47426 | Elf:2    | Noticed Kauttur's ghost (journeyman MiFi)
 47560 | Elf:2    | Killed Kauttur's ghost
 47570 | Elf:2    | Identified the staff of Invincibility {rC+ SInv Ice}
 47664 | Elf:2    | Found a runed translucent gate.
 47665 | Elf:2    | Found a runed translucent gate.
 47665 | Elf:2    | Found a runed translucent gate.
 48290 | Elf:3    | Entered Level 3 of the Elven Halls
 48585 | Elf:3    | Reached skill level 10 in Invocations
 48687 | Elf:3    | Identified the +4 long sword of Freezing Reinforcement
                  | {flame, rC+ rCorr}
 48781 | Elf:3    | Identified the +1 rapier of Infinite Pain {freeze, rCorr}
 48887 | Elf:3    | Got the Grimoire of Flaming Death
 48899 | Elf:3    | Identified the +2 cloak "Ywaixolu" {rF++}
 49089 | Elf:3    | Reached skill level 10 in Evocations
 49856 | Depths:2 | Noticed Boris
 49863 | Depths:2 | Killed Boris
 49971 | Depths:2 | Found a one-way gate leading to the halls of Pandemonium.
 50135 | Depths:2 | Found a shimmering blue altar of Sif Muna.
 50691 | Depths:2 | Reached skill level 15 in Dodging
 51009 | Depths:3 | Found a one-way gate to the infinite horrors of the Abyss.
 51028 | Depths:3 | Gained mutation: You sometimes emit foul miasma when
                  | damaged in melee. [demonic ancestry]
 51028 | Depths:3 | Reached XP level 23. HP: 203/203 MP: 25/32
 51159 | Depths:3 | Identified the ring of Upuujaf {rF+ rN+ Str-2 Int+4}
 51163 | Depths:3 | Reached skill level 1 in Spellcasting
 51165 | Depths:3 | Paralysed by something for 5 turns
 51263 | Depths:3 | Identified the ring of the Shining One's Whim {rElec rN+
                  | Will++ MP+9 Dex+6}
 51266 | Depths:3 | Identified the ring "Qetitent" {Fly rN+}
 51268 | Depths:3 | Found a runed translucent door.
 51276 | Depths:3 | Identified the ring of the Median {rF+ MP+9 Str+3}
 51587 | Depths:4 | Entered Level 4 of the Depths
 51876 | Depths:4 | Found a stormy altar of Qazlal.
 52141 | Depths:4 | Reached skill level 5 in Spellcasting
 52526 | Depths:4 | Found a burning altar of Makhleb.
 52617 | Depths:4 | Identified the +0 robe of the Northern Lights {rF+++ rC-
                  | Str+8 SInv}
 52703 | Depths:4 | Found a gate to the Realm of Zot.
 52898 | Depths:4 | Identified the +5 battleaxe of Departure {vamp, ^Contam
                  | Will+ Str+4 Dex+2}
 52942 | Depths:4 | Found a radiant altar of Vehumet.
 52980 | Depths:4 | Found a sparkling altar of Nemelex Xobeh.
 53003 | Depths:4 | Reached skill level 10 in Spellcasting
 53009 | Depths:4 | Reached skill level 1 in Armour
 53086 | Depths:4 | Identified the +6 shortbow of Wondrous Power {drain, Str+5
                  | Dex+2}
 53673 | Vaults:5 | Reached skill level 1 in Conjurations
 53679 | Vaults:5 | Reached skill level 1 in Fire Magic
 53694 | Vaults:5 | Identified the ring "Weiheweva" {rF+++ rC- rN+ Int+3 Dex+6}
 53748 | Vaults:5 | Reached skill level 5 in Conjurations
 53770 | Vaults:5 | Reached XP level 24. HP: 148/210 MP: 37/37
 53785 | Vaults:5 | Reached skill level 5 in Fire Magic
 54073 | Vaults:5 | Got a silver rune of Zot
 54452 | Vaults:5 | Noticed an ancient lich
 54462 | Vaults:5 | Killed an ancient lich
 54600 | Vaults:5 | Gained mutation: Armour fits poorly on your strangely
                  | shaped body. [a shining eye]
 54626 | Vaults:5 | Noticed an ancient lich
 54636 | Vaults:5 | Killed an ancient lich
 55102 | Vaults:5 | Identified the scarf of Integrity {rC+ rF+, Str-3 Int+4
                  | Dex+2 SInv}
 55723 | Crypt:1  | Entered Level 1 of the Crypt
 55758 | Crypt:1  | Reached skill level 10 in Conjurations
 55782 | Crypt:1  | Noticed Boris
 55787 | Crypt:1  | Killed Boris
 56687 | Crypt:2  | Reached skill level 1 in Alchemy
 56866 | Crypt:2  | Identified the +8 chain mail of the Gusle {rElec Slay+3}
 56889 | Crypt:2  | Identified the +5 battleaxe "Metim" {flame, rN+ Str+2 Int+3
                  | Dex+2}
 57052 | Crypt:2  | Identified a scroll of acquirement
 57053 | Crypt:2  | Acquired a book of the Spheres
 57065 | Crypt:2  | Gained mutation: You have a pair of large antennae on your
                  | head. (SInv) [demonic ancestry]
 57065 | Crypt:2  | Reached XP level 25. HP: 217/217 MP: 37/37
 57319 | Crypt:2  | Reached skill level 5 in Alchemy
 57601 | Crypt:3  | Entered Level 3 of the Crypt
 57805 | Crypt:3  | Learned a level 5 spell: Irradiate
 57908 | Crypt:3  | Identified the +5 war axe of Wageah {freeze, Str+2}
 58027 | Crypt:3  | Noticed Margery
 58040 | Crypt:3  | Killed Margery
 58193 | Crypt:3  | Found the +8 demon blade "Leech" {evervamp, Harm ^Drain
                  | rN+}
 58316 | Crypt:3  | Got the Guide on the Birds and Shades
 58672 | Crypt:3  | Noticed a dread lich
 58673 | Crypt:3  | Found a staircase to the Tomb.
 58673 | Crypt:3  | Noticed an ancient lich
 58679 | Crypt:3  | Killed a dread lich
 58685 | Crypt:3  | Killed an ancient lich
 59896 | Slime:1  | Entered Level 1 of the Pits of Slime
 60162 | Slime:3  | Gained mutation: You are clumsy. (Dex -2) [a shining eye]
 60174 | Slime:4  | Gained mutation: You expend magic power (3 MP) to
                  | strengthen your wands. [a shining eye]
 60174 | Slime:4  | Gained mutation: You occasionally shout uncontrollably at
                  | your foes. [a shining eye]
 60175 | Slime:4  | Gained mutation: Your body sometimes deteriorates upon
                  | taking damage. [a shining eye]
 60175 | Slime:4  | Gained mutation: You frequently scream uncontrollably at
                  | your foes. [a shining eye]
 60280 | Slime:5  | Entered Level 5 of the Pits of Slime
 60297 | Slime:5  | Reached skill level 10 in Alchemy
 60298 | Slime:5  | Noticed the Royal Jelly
 60547 | Slime:5  | Killed the Royal Jelly
 60796 | Slime:4  | Reached skill level 15 in Conjurations
 60925 | Slime:5  | Got a slimy rune of Zot
 60970 | Slime:5  | Identified the ring "Abboyjex" {Fly Int-4 Dex+6}
 60981 | Slime:5  | Got the Vellum of Bodies
 61061 | Slime:5  | Identified the ring "Ruofaorr" {Fire rCorr}
 61070 | Slime:5  | Identified the +8 plate armour of Ennui {Harm rF+ Stlth+}
 61071 | Slime:5  | Identified the +2 short sword "Giantslayer" {antimagic,
                  | Str+4}
 61291 | Lair:1   | Acquired Great Wizards, Vol. II
 61330 | Lair:1   | Lost mutation: You frequently scream uncontrollably at your
                  | foes. [potion of mutation]
 61330 | Lair:1   | Lost mutation: You occasionally shout uncontrollably at
                  | your foes. [potion of mutation]
 61330 | Lair:1   | Gained mutation: Your magical capacity is low. (-10% MP)
                  | [potion of mutation]
 61331 | Lair:1   | Lost mutation: You are clumsy. (Dex -2) [potion of
                  | mutation]
 61331 | Lair:1   | Lost mutation: Your magical capacity is low. (-10% MP)
                  | [potion of mutation]
 61331 | Lair:1   | Gained mutation: You occasionally shout uncontrollably at
                  | your foes. [potion of mutation]
 61331 | Lair:1   | Gained mutation: You have hidden genetic potential. [potion
                  | of mutation]
 61332 | Lair:1   | Lost mutation: Your body sometimes deteriorates upon taking
                  | damage. [potion of mutation]
 61332 | Lair:1   | Lost mutation: You have hidden genetic potential. [potion
                  | of mutation]
 61332 | Lair:1   | Lost mutation: Armour fits poorly on your strangely shaped
                  | body. [potion of mutation]
 61332 | Lair:1   | Gained mutation: You have large cloven feet. [potion of
                  | mutation]
 61678 | Depths:3 | Voluntarily entered the Abyss.
 61684 | Abyss:2  | Found a hide-covered altar of Uskayaw.
 61714 | Abyss:2  | Reached skill level 10 in Fire Magic
 61725 | Abyss:2  | Paralysed by accursed screaming for 1 turns
 61860 | Abyss:4  | Found a corrupted altar of Lugonu.
 61860 | Abyss:4  | Found a corrupted altar of Lugonu.
 61862 | Abyss:4  | Got an abyssal rune of Zot
 61914 | Depths:3 | Escaped the Abyss
 62029 | Zot:1    | Entered Level 1 of the Realm of Zot
 62070 | Zot:1    | Gained mutation: You frequently emit foul miasma when
                  | damaged in melee. [demonic ancestry]
 62070 | Zot:1    | Reached XP level 26. HP: 225/225 MP: 37/37
 63698 | Zot:2    | Gained mutation: You have an increased reservoir of magic.
                  | (+10% MP) [mutagenic glow]
 64574 | Zot:3    | Noticed an ancient lich
 64574 | Zot:3    | Noticed an ancient lich
 64583 | Zot:3    | Killed an ancient lich
 64583 | Zot:3    | Killed an ancient lich
 65637 | Zot:4    | Reached skill level 15 in Fire Magic
 65778 | Zot:4    | Identified the +8 chain mail of Context {rPois rN+ Will+
                  | MP-9}
 65792 | Zot:4    | Identified the ring of Piastug {rF+ Str+4 Dex+4}
 65969 | Zot:5    | Entered Level 5 of the Realm of Zot
 66092 | Hell     | Entered the Vestibule of Hell
 66092 | Hell     | Noticed Geryon
 66096 | Hell     | Noticed Murray
 66113 | Hell     | Found a gateway to the decaying netherworld of Tartarus.
 66150 | Hell     | Gained mutation: Your magical and physical power is greatly
                  | enhanced at high health. [demonic ancestry]
 66150 | Hell     | Reached XP level 27. HP: 152/232 MP: 16/40
 66175 | Hell     | Killed Murray
 66272 | Hell     | Killed Geryon
 66563 | Hell     | Found a gateway to the ashen valley of Gehenna.
 66609 | Hell     | Found a gateway to the freezing wastes of Cocytus.
 66680 | Hell     | Found a gateway to the Iron City of Dis.
 67369 | Zot:5    | Noticed a dread lich
 67369 | Zot:5    | Noticed an orb of fire
 67370 | Zot:5    | Noticed an orb of fire
 67370 | Zot:5    | Noticed an orb of fire
 67371 | Zot:5    | Noticed an orb of fire
 67371 | Zot:5    | Noticed an orb of fire
 67374 | Zot:5    | Gained mutation: You are dopey. (Int -2) [an orb of fire]
 67375 | Zot:5    | Gained mutation: You are frail. (-10% HP) [mutagenic glow]
 67383 | Zot:5    | Noticed an ancient lich
 67383 | Zot:5    | Noticed an orb of fire
 67383 | Zot:5    | Noticed an orb of fire
 67384 | Zot:5    | Noticed an orb of fire
 67385 | Zot:5    | Noticed an orb of fire
 67385 | Zot:5    | Gained mutation: You are occasionally teleported next to
                  | monsters. [mutagenic glow]
 67386 | Zot:5    | Noticed an orb of fire
 67392 | Zot:5    | Noticed a dread lich
 67394 | Zot:5    | Noticed an ancient lich
 67575 | Zot:4    | Lost mutation: You occasionally shout uncontrollably at
                  | your foes. [potion of mutation]
 67575 | Zot:4    | Lost mutation: You have an increased reservoir of magic.
                  | (+10% MP) [potion of mutation]
 67575 | Zot:4    | Lost mutation: You are dopey. (Int -2) [potion of mutation]
 67575 | Zot:4    | Lost mutation: You are occasionally teleported next to
                  | monsters. [potion of mutation]
 67575 | Zot:4    | Gained mutation: You have hidden genetic potential. [potion
                  | of mutation]
 67697 | Zot:5    | Gained mutation: You occasionally shout uncontrollably at
                  | your foes. [an orb of fire]
 67697 | Zot:5    | Gained mutation: Your magical capacity is low. (-10% MP)
                  | [an orb of fire]
 67707 | Zot:5    | Killed an orb of fire
 67792 | Zot:5    | Gained mutation: Your body sometimes deteriorates upon
                  | taking damage. [an orb of fire]
 67797 | Zot:5    | Gained mutation: You are occasionally teleported next to
                  | monsters. [an orb of fire]
 67805 | Zot:5    | Killed an orb of fire
 67809 | Zot:5    | Killed an ancient lich
 67846 | Zot:5    | Gained mutation: You are vulnerable to cold. (rC-) [an orb
                  | of fire]
 67846 | Zot:5    | Gained mutation: Armour fits poorly on your strangely
                  | shaped body. [an orb of fire]
 67854 | Zot:5    | Gained mutation: You are weak. (Str -2) [an orb of fire]
 67857 | Zot:5    | Gained mutation: Your health recovers twice as slowly from
                  | being drained. [an orb of fire]
 67861 | Zot:5    | Gained mutation: You are often teleported next to monsters.
                  | [an orb of fire]
 67869 | Zot:5    | Gained mutation: You are very frail. (-20% HP) [an orb of
                  | fire]
 68018 | Zot:4    | Lost mutation: You are vulnerable to cold. (rC-) [potion of
                  | mutation]
 68018 | Zot:4    | Lost mutation: Your health recovers twice as slowly from
                  | being drained. [potion of mutation]
 68018 | Zot:4    | Gained mutation: You are dopey. (Int -2) [potion of
                  | mutation]
 68018 | Zot:4    | Gained mutation: You are agile. (Dex +4, Str/Int -1)
                  | [potion of mutation]
 68019 | Zot:4    | Lost mutation: Armour fits poorly on your strangely shaped
                  | body. [potion of mutation]
 68019 | Zot:4    | Lost mutation: You are often teleported next to monsters.
                  | [potion of mutation]
 68019 | Zot:4    | Gained mutation: You have great hidden genetic potential.
                  | [potion of mutation]
 68019 | Zot:4    | Lost mutation: You occasionally shout uncontrollably at
                  | your foes. [potion of mutation]
 68019 | Zot:4    | Gained mutation: You have hoof-like feet. [potion of
                  | mutation]
 68019 | Zot:4    | Gained mutation: You possess an exceptional clarity of
                  | mind. [potion of mutation]
 68020 | Zot:4    | Lost mutation: Your body sometimes deteriorates upon taking
                  | damage. [potion of mutation]
 68020 | Zot:4    | Lost mutation: You are occasionally teleported next to
                  | monsters. [potion of mutation]
 68020 | Zot:4    | Lost mutation: You are dopey. (Int -2) [potion of mutation]
 68043 | Zot:4    | Gained mutation: Your body sometimes deteriorates upon
                  | taking damage. [an orb of fire]
 68044 | Zot:4    | Killed an orb of fire
 68169 | Zot:5    | Gained mutation: Armour fits poorly on your strangely
                  | shaped body. [an orb of fire]
 68172 | Zot:5    | Gained mutation: You are dopey. (Int -2) [an orb of fire]
 68173 | Zot:5    | Lost mutation: You are agile. (Dex +4, Str/Int -1) [an orb
                  | of fire]
 68176 | Zot:5    | Killed an orb of fire
 68244 | Zot:5    | Gained mutation: You occasionally shout uncontrollably at
                  | your foes. [an orb of fire]
 68247 | Zot:5    | Gained mutation: Your magical capacity is very low. (-20%
                  | MP) [an orb of fire]
 68253 | Zot:5    | Killed an orb of fire
 68421 | Zot:5    | Gained mutation: You are very dopey. (Int -4) [an orb of
                  | fire]
 68423 | Zot:5    | Gained mutation: You do not regenerate when monsters are
                  | visible. [an orb of fire]
 68425 | Zot:5    | Killed an orb of fire
 68432 | Zot:5    | Reached skill level 19 in Fighting
 68492 | Zot:5    | Killed an orb of fire
 68548 | Zot:5    | Gained mutation: You are clumsy. (Dex -2) [an orb of fire]
 68550 | Zot:5    | Killed an orb of fire
 68556 | Zot:5    | Killed an ancient lich
 68557 | Zot:5    | Gained mutation: You are extremely frail. (-30% HP) [an orb
                  | of fire]
 68559 | Zot:5    | Lost mutation: You possess an exceptional clarity of mind.
                  | [an orb of fire]
 68560 | Zot:5    | Gained mutation: You are very clumsy. (Dex -4) [an orb of
                  | fire]
 68563 | Zot:5    | Gained mutation: You frequently scream uncontrollably at
                  | your foes. [an orb of fire]
 68568 | Zot:5    | Killed an orb of fire
 68742 | Zot:5    | Noticed an orb of fire
 68742 | Zot:5    | Killed a dread lich
 68743 | Zot:5    | Reached skill level 20 in Fighting
 68751 | Zot:5    | Lost mutation: You have great hidden genetic potential. [an
                  | orb of fire]
 68754 | Zot:5    | Killed an orb of fire
 68770 | Zot:5    | Killed a dread lich
 68984 | Zot:4    | Lost mutation: You are very clumsy. (Dex -4) [potion of
                  | mutation]
 68984 | Zot:4    | Lost mutation: You are very dopey. (Int -4) [potion of
                  | mutation]
 68984 | Zot:4    | Gained mutation: Your flesh is cold resistant. (rC+)
                  | [potion of mutation]
 68985 | Zot:4    | Lost mutation: You do not regenerate when monsters are
                  | visible. [potion of mutation]
 68985 | Zot:4    | Lost mutation: You have hidden genetic potential. [potion
                  | of mutation]
 68985 | Zot:4    | Lost mutation: You are dopey. (Int -2) [potion of mutation]
 68986 | Zot:4    | Lost mutation: You expend magic power (3 MP) to strengthen
                  | your wands. [potion of mutation]
 68986 | Zot:4    | Lost mutation: Armour fits poorly on your strangely shaped
                  | body. [potion of mutation]
 68986 | Zot:4    | Lost mutation: You are clumsy. (Dex -2) [potion of
                  | mutation]
 68986 | Zot:4    | Lost mutation: You are weak. (Str -2) [potion of mutation]
 68987 | Zot:4    | Lost mutation: Your body sometimes deteriorates upon taking
                  | damage. [potion of mutation]
 68987 | Zot:4    | Lost mutation: You frequently scream uncontrollably at your
                  | foes. [potion of mutation]
 68987 | Zot:4    | Lost mutation: Your magical capacity is very low. (-20% MP)
                  | [potion of mutation]
 68987 | Zot:4    | Gained mutation: You are somewhat resistant to further
                  | mutation. [potion of mutation]
 69165 | Zot:5    | Gained mutation: Your magical capacity is very low. (-20%
                  | MP) [an orb of fire]
 69172 | Zot:5    | Killed an orb of fire
 69274 | Zot:5    | Reached skill level 21 in Fighting
 69739 | Zot:5    | Reached skill level 22 in Fighting
 69753 | Zot:5    | Got the Orb of Zot
 69892 | Zot:1    | Noticed a seraph
 70068 | Depths:1 | Noticed Qomufergh the pandemonium lord
 70391 | D:2      | Noticed Idywetez the pandemonium lord
 70448 | D:$      | Escaped with the Orb!

Illustrated notes

Levels and vault maps discovered:
D:1:      scummos_arrival_hexagon, layout_basic
D:2:      layout_loops_ring
D:3:      layout_basic, mainiacjoe_overflow_two_lobes,
          overflow_temple_1_default, minmay_joined_circles, uniq_natasha
D:4:      layout_layer_cave, mainiacjoe_sewer_entry_somewhere_in_here_2,
          chequers_serial_rivers_micro_d
D:5:      layout_rooms, minmay_temple_entry_crystal_x, serial_bayou,
          serial_bayou_lake_a, serial_bayou_crossing, serial_bayou_pond_a,
          serial_bayou_ford_a, minmay_circle_x, uniq_edmund
D:6:      layout_loops_cross, uniq_prince_ribbit1
D:7:      layout_basic, lemuel_flamethrower_1
D:8:      layout_basic, trog_antimagical, minmay_lair_entry_grove, uniq_grum
D:9:      nzn_winding_woodlands_cross [nzn_winding_woodlands_5x15_default,
          nzn_winding_woodlands_5x15_crooked, nzn_winding_woodlands_5x15_eye,
          nzn_winding_woodlands_5x15_lazy_stream,
          nzn_winding_woodlands_15x15_eel_pit], layout_long_grid,
          nicolae_overflow_crystal_walls, blue_anna_alchemist,
          nicolae_shop_sticking_my_neck_out, uniq_erica
D:10:     layout_basic, mainiacjoe_overflow_tiny_flanked,
          nicolae_yredelemnul_ghost_church, minmay_holes, uniq_lodul,
          uniq_fannar
D:11:     layout_basic
D:12:     layout_gridville, uniq_jorgrun, uniq_nessos, uniq_urug
D:13:     layout_loops_ring, grunt_vaults_entry_fortified,
          gammafunk_ghost_spectres, evilmike_minifort
D:14:     doesnt_quadruple_sword, layout_cave_pools, gammafunk_ghost_grave,
          serial_bayou, serial_bayou_pond_a, serial_bayou_pond_e,
          serial_bayou_lagoon_a, serial_bayou_lagoon_b
D:15:     gammafunk_enter_depths_forms, layout_rooms, special_room
          [special_room_mythical_zoo], hangedman_decor_riveting,
          nemelex_spade_bored_becter
Temple:   bh_familiar_temple
Lair:1:   layout_roguey, gauntlet_entry_generic
Lair:2:   layout_hall_layers, uniq_sonja
Lair:3:   layout_layer_cave, minmay_shoals_entry_hut,
          nicolae_spider_entry_tight_spaces
Lair:4:   regret_index_harrowing_hell_hive, layout_regular_city,
          nicolae_slime_entry_field_trip, uniq_josephine
Lair:5:   evilmike_catoblepas_cave, layout_regular_city
Shoals:1: layout_shoals, serial_shops, shop
Shoals:2: layout_shoals, serial_shops, nicolae_shop_window_shopping,
          nicolae_splish_splash
Shoals:3: layout_shoals
Shoals:4: shoals_end_hellmonk_holy_island, uniq_mara, uniq_polyphemus
Spider:1: layout_spider_delve, hangedman_spider_tarantella_strand
Spider:2: nicolae_spider_corner, nicolae_spider_checkerboard
Spider:3: layout_spider_delve, einodemon_crawler_minivault, uniq_louise,
          uniq_donald
Spider:4: spider_rune_water, ebering_ghost_xom
Slime:1:  layout_caves
Slime:2:  layout_caves
Slime:3:  layout_caves, cheibrodos_slime_lost_civilization_5
Slime:4:  layout_caves
Slime:5:  slime_pit_nicolae_trefoil
Orc:1:    layout_caves, mines1_david
Orc:2:    grunt_orc_community_town_hall, layout_caves,
          grunt_orc_community_big_house_2, grunt_orc_community_big_house_1,
          grunt_orc_community_house_2, grunt_orc_community_house_3,
          grunt_orc_community_house_3, grunt_orc_community_house_2, uniq_maurice
Elf:1:    eino_elf_arrival_the_gate, layout_gridlike, serial_shops, shop,
          nicolae_elf_shapeshifter_party, nicolae_elf_v_pinch,
          grunt_megastairs_1
Elf:2:    nicolae_elf_blades_crystal_corner, layout_geoelf_octagon,
          ebering_ghost_rock_garden
Elf:3:    minmay_elf_hall_dome, layout_rooms, drop_trap
Vaults:1: hangedman_vaults_stretched_pinwheel, nicolae_vaults_mitosis,
          nicolae_vaults_house_2, nicolae_vaults_double_plus_2,
          nicolae_vaults_asterisk, nicolae_vaults_inception_statues,
          ontoclasm_vaults_tryst, vaults_room_corners, v_alt_pattern_1,
          nicolae_vaults_theta, vaults_room_grunt_arrival_ludios,
          vaults_dpeg_diagonal, layout_vaults_quadrants, uniq_zenata,
          uniq_saint_roka
Vaults:2: nicolae_vaults_closet_pinwheel_4, vaults_standard_mumra_x,
          nicolae_vaults_little_squares_2, grunt_vaults_diagonal,
          ontoclasm_vaults_ligature, nicolae_vaults_closet_pinwheel_2,
          nicolae_vaults_six-pack, ontoclasm_vaults_decontamination,
          nicolae_vaults_tetromino_T_1, nicolae_vaults_tetromino_Z_2,
          nicolae_vaults_closet_pinwheel_5, serial_ice_g, layout_vaults_big_room
Vaults:3: nicolae_vaults_tangram_2, nicolae_vaults_double_plus_3, v_misc_12,
          ontoclasm_vaults_twist, nicolae_vaults_prndl, v_rooms_4,
          minmay_crypt_entry_simple_walls, nicolae_vaults_diamond_2,
          hangedman_vaults_slice, vaults_dpeg_doors,
          nicolae_vaults_ring_of_whatevers, v_misc_22, v_misc_13,
          vaults_room_grid, serial_library_hellmonk_big_corner,
          dpeg_vaults_monster_box, layout_vaults_maze_snakey
Vaults:4: vaults_room_stairs_pillars, nicolae_vaults_an_arrangement,
          nicolae_vaults_storage_closets_3, nicolae_vaults_twisting_passages,
          nicolae_vaults_puzzle_piece, v_misc_18, nicolae_vaults_sealed_display,
          grunt_vaults_hallway_long, vaults_room_pools, ontoclasm_vaults_fault,
          ontoclasm_vaults_hangar, vaults_room_large_hall,
          nicolae_vaults_stepped_doors, v_alt_pattern_3, layout_vaults_omnibox,
          enter_trove_2
Vaults:5
Crypt:1:  layout_catacombs
Crypt:2:  nicolae_crypt_knochenhaus, layout_rooms
Crypt:3:  quadcrypt_mu, uniq_margery
Depths:1: minmay_imperfect_grid, layout_basic, enter_ziggurat_f, hell_entry,
          okawaru_gym_becter, uniq_norris, uniq_enchantress
Depths:2: mu_elephants_graveyard, layout_basic, grunt_pan_entry_spiral,
          hell_entry, lemuel_blue_sif_altar, uniq_boris
Depths:3: minmay_the_grid_triangle_9x9_recursive_2_mashed
          [minmay_the_grid_triangle_9x9_prize_special,
          minmay_the_grid_triangle_9x9_sparse_checkered,
          minmay_the_grid_triangle_9x9_zippers_horizontal,
          minmay_the_grid_triangle_9x9_subtriangle], layout_basic,
          abyss_entry_glasseish, hell_entry, chequers_serial_rivers_micro_b
Depths:4: grunt_profane_halls [grunt_zot_portal, grunt_profane_temple_tar,
          grunt_profane_temple_coc, grunt_profane_temple_geh,
          grunt_profane_temple_dis], serial_shops, hell_entry
Hell
Zot:1:    grunt_twist_and_shout, layout_cathedral_of_symmetry,
          regret_index_zotdec_obsidian_hm
Zot:2:    layout_gridville, hangedman_zot_decor_tridents, uniq_josephina
Zot:3:    hangedman_snap_crack_crunch, layout_concentric_octagons, uniq_grunn
Zot:4:    layout_misc_corridors, regret_index_zotdec_split_disrupt
Zot:5:    layout_concentric_octagons

Skill      XL: |  1  2  3  4  5  6  7  8  9 10 11 12 13 14 15 16 17 18 19 20 21 22 23 24 25 26 27 |
---------------+----------------------------------------------------------------------------------+-----
Shapeshifting  | 3 4 5 6 7 8 9 10 11 13 14 15 17 19 20 | 20.6
Fighting       | 2 3 4 5 6 8 9 10 11 12 13 15 18 22 | 22.6
Dodging        | 3 4 6 9 11 15 16 | 16.1
Unarmed Combat | 4 6 8 10 11 14 16 17 | 17.0
Invocations    | 8 13 14 | 14.0
Evocations     | 6 8 10 | 10.0
Shields        | 4 9 12 14 15 17 20 | 20.0
Spellcasting   | 10 | 10.0
Armour         | 1 |  1.5
Conjurations   | 5 11 15 | 15.0
Fire Magic     | 4 9 11 15 | 15.0
Alchemy        | 4 11 | 11.2
Earth Magic    | |  0.2

Action                     |  1- 3 |  4- 6 |  7- 9 | 10-12 | 13-15 | 16-18 | 19-21 | 22-24 | 25-27 || total
---------------------------+-------+-------+-------+-------+-------+-------+-------+-------+-------++-------
  Melee: Unarmed           |   125 |   226 |   417 |   661 |  1305 |  1193 |  1240 |  1349 |  1598 ||  8114
         Punch             |     2 |     4 |     4 |       |    40 |    17 |    38 |       |       ||   105
         Constrict         |       |       |       |       |    12 |       |       |       |       ||    12
         Maw               |       |       |       |       |    18 |       |       |       |       ||    18
         Tailslap          |       |       |       |       |       |       |    78 |       |       ||    78
         Bite              |       |       |       |       |       |       |    61 |       |       ||    61
         Kick              |       |       |       |       |       |       |       |       |   623 ||   623
   Cast: Irradiate         |       |       |       |       |       |       |       |       |    30 ||    30
 Invoke: Upheaval          |       |       |       |     1 |       |     9 |       |     6 |    34 ||    50
         Disaster Area     |       |       |       |       |     1 |     9 |     3 |    16 |     8 ||    37
         Elemental Force   |       |       |       |       |     2 |     1 |       |     1 |     2 ||     6
Ability: Begin Untransform |       |     1 |     1 |     3 |     1 |       |       |       |     1 ||     7
  Evoke: Wand              |       |       |    12 |     7 |     1 |     7 |     2 |     1 |    11 ||    41
         Condenser vane    |       |       |       |       |       |     4 |     1 |     2 |     3 ||    10
         Lightning rod     |       |       |       |       |       |       |     4 |     5 |     6 ||    15
         Horn of Geryon    |       |       |       |       |       |       |       |       |     1 ||     1
    Use: Scroll            |     5 |       |     4 |    18 |     5 |    10 |     1 |     4 |    33 ||    80
         Potion            |     2 |       |     1 |    11 |     2 |     1 |     1 |     2 |    38 ||    58
   Stab: Paralysed         |       |       |    28 |       |       |       |       |     1 |     2 ||    31
         Distracted        |       |       |       |       |     1 |     2 |     1 |     2 |       ||     6
         Invisible         |       |       |       |       |       |     3 |       |       |     1 ||     4
         Petrified         |       |       |       |       |       |       |     1 |       |       ||     1
         Confused          |       |       |       |       |       |       |       |     1 |       ||     1
 Armour: Ring mail         |    99 |   142 |   114 |       |       |       |       |       |       ||   355
         Animal skin       |     2 |       |       |       |       |       |       |       |       ||     2
         Skin              |       |       |   111 |   214 |   139 |   532 |   395 |   462 |   753 ||  2606
         Chain mail        |       |       |       |    23 |   272 |   159 |       |       |       ||   454
  Dodge: Dodged            |    67 |   128 |   260 |   561 |  1178 |  1706 |   788 |   968 |  1526 ||  7182
         Repelled          |       |       |       |       |    10 |    17 |    13 |    23 |    68 ||   131
  Block: Other             |       |       |     1 |    59 |   516 |   106 |   146 |       |       ||   828
         Kite shield       |       |       |       |    46 |   208 |  2216 |  1430 |  2137 |  2846 ||  8883
         Reflection        |       |       |       |       |    48 |   120 |   109 |   103 |    51 ||   431
   Form: Beast             |       |     1 |       |       |       |       |       |       |       ||     1
         Flux              |       |       |     1 |     3 |     1 |       |       |       |       ||     5
         Blade             |       |       |       |       |     4 |       |       |       |       ||     4
         Serpent           |       |       |       |       |     2 |       |       |       |       ||     2
         Maw               |       |       |       |       |     1 |       |       |       |       ||     1
         Statue            |       |       |       |       |       |     1 |     1 |       |     1 ||     3
         Dragon            |       |       |       |       |       |       |     1 |       |       ||     1
